 Dungeon Crawl Stone Soup version 0.30-a0-743-gbfdf073431 (webtiles) character file.

Game seed: 18428309626442655059

438 McKennaii the Poker (level 6, -10/47 (51) HPs)
             Began as a Demigod Reaver on Feb 5, 2023.
             Killed from afar by a steam dragon (21 damage)
             ... with a ball of steam
             ... on level 6 of the Dungeon.
             The game lasted 00:09:21 (3716 turns).

McKennaii the Poker (Demigod Reaver)                Turns: 3716, Time: 00:09:22

HP:   -10/47 (51)   AC:  5    Str: 13    XL:     6   Next: 41%
MP:   13/13         EV: 12    Int: 23    God:
Gold: 53            SH:  0    Dex: 12    Spells: 9/10 levels left

rFire   . . .      SeeInvis .    w - +0 scythe
rCold   . . .      Faith    .    (shield currently unavailable)
rNeg    + . .      Spirit   .    b - +0 leather armour
rPois   .          Reflect  .    u - +0 helmet
rElec   .          Harm     .    (no cloak)
rCorr   +          Rampage  .    (no gloves)
Will    .....                    e - +0 pair of boots
Stlth   +                        v - amulet of regeneration
HPRegen 1.07/turn                c - ring of resist corrosion
MPRegen 0.13/turn                q - ring of positive energy

@: drained
A: high MP 1, forlorn, divine attributes
a: no special abilities


You were on level 6 of the Dungeon.
You visited 2 branches of the dungeon, and saw 6 of its levels.

You collected 207 gold pieces.
You spent 154 gold pieces at shops.

Inventory:

Hand Weapons
 a - a +0 spear
 w - a +0 scythe (weapon)
Armour
 b - a +0 leather armour (worn)
 e - a +0 pair of boots (worn)
 u - a +0 helmet (worn)
 y - a +2 buckler
Magical Staves
 d - a staff of air
Jewellery
 c - a ring of resist corrosion (left hand)
 q - a ring of positive energy (right hand)
 v - an amulet of regeneration (around neck)
Wands
 s - a wand of digging (4)
Scrolls
 f - 2 scrolls of teleportation
 h - a scroll of amnesia {unknown}
 j - 3 scrolls of blinking
 l - 2 scrolls of identify {unknown}
 m - 2 scrolls of fear {unknown}
 o - a scroll of poison {unknown}
 r - a scroll of magic mapping {unknown}
 x - a scroll of silence {unknown}
Potions
 g - a potion of ambrosia {unknown}
 i - 3 potions of curing {unknown}
 k - 2 potions of mutation
 n - 3 potions of might {unknown}
 t - a potion of resistance {unknown}


   Skills:
 + Level 3.0 Fighting
 + Level 3.9 Polearms
 + Level 3.0 Dodging
 + Level 2.9 Spellcasting
 + Level 3.7 Conjurations
 + Level 1.9 Air Magic


You had 9 spell levels left.
You knew the following spells:

 Your Spells              Type           Power      Damage    Failure   Level
a - Kiss of Death         Conj/Necr      44%        2d8       7%          1

Your spell library contained the following spells:

 Spells                   Type           Power      Damage    Failure   Level
 Static Discharge         Conj/Air       32%        2-4/arc   7%          2
 Momentum Strike          Conj/Tloc      22%        3d8       11%         2
 Hailstorm                Conj/Ice       11%        3d5       21%         3
 Blink                    Tloc           6%         N/A       22%         2
 Vhi's Electric Charge    Tloc/Air       14%        N/A       30%         3
 Portal Projectile        Hex/Tloc       6%         N/A       41%         3
 Tukima's Dance           Hex            3%         N/A       41%         3
 Arcjolt                  Conj/Air       8%         1d18      77%         5
 Lightning Bolt           Conj/Air       8%         1d20      77%         5
 Manifold Assault         Tloc           3%         N/A       83%         4
 Blade Hands              Tmut           1%         N/A       99%         5
 Storm Form               Tmut/Air       3%         N/A       100%        7


Dungeon Overview and Level Annotations

Branches:
Dungeon (6/15)             Temple (1/1) D:6

Shops:
D:3 !

Annotations:
D:2 1 runed translucent door, Crazy Yiuf


Innate Abilities, Weirdness & Mutations

You have an increased reservoir of magic. (+10% MP)
You shall have no god before yourself.
Your divine heritage dramatically boosts your attributes as you level up.


Message History

Blink to where?
Press: ? - help, Dir - move target
As you read the scroll labelled EMIACS NIOK, it crumbles to dust.
It was a scroll of blinking.
A steam dragon comes into view.
You start waiting.
A steam dragon is nearby!
You slash the steam dragon!
The steam dragon is moderately wounded.
The steam dragon closely misses you.
The steam dragon claws you but does no damage.
You slash the steam dragon!
The steam dragon is severely wounded.
The steam dragon bites you. The steam dragon barely misses you.
You closely miss the steam dragon.
The steam dragon is severely wounded.
The steam dragon breathes steam at you. The ball of steam misses you.
You hit the steam dragon.
The steam dragon is almost dead.
You are engulfed in a cloud of scalding steam.
The steam dragon bites you but does no damage.
The steam dragon claws you. The steam dragon bites you!
The steam dragon claws you but does no damage.
You barely miss the steam dragon.
The steam dragon is almost dead.
You are engulfed in a cloud of scalding steam.
The steam dragon bites you. The steam dragon barely misses you.
You closely miss the steam dragon.
The steam dragon is almost dead.
The steam dragon bites you.
The steam dragon claws you but does no damage.
You barely miss the steam dragon.
The steam dragon is almost dead.
The steam dragon bites you!
* * * LOW HITPOINT WARNING * * *
The steam dragon closely misses you. The steam dragon breathes steam at you.
The ball of steam hits you!!
You die...

#...>...+ #.......#
#.......# #####'#####
# #.# #.# #.###.#
#.###.###.#.#.####
#.##...##.........
#.#.....#.....##
##.......@D.....#
##.(..ยง...#.....##
##........##........#
#.......####.#.#.#..#
#............#...# ..
#.......######.### .
##.....## .. ####
##...## ## #.oo ##..#
#.##


You could see a steam dragon (catching breath).

Vanquished Creatures
  Sigmund (D:3)
  An orc priest (D:3)
  A jelly (D:4)
  A hound (D:4)
  Jessica (D:3)
  2 iguanas (D:4)
  Robin (D:2)
  2 adders
  An ufetubus (D:6)
  2 worms (D:1)
  2 dart slugs (D:1)
  2 orcs
  6 ball pythons
  4 endoplasms
  9 goblins
  12 hobgoblins
  7 jackals (D:2)
  7 quokkas
  A bat (D:2)
  A frilled lizard (D:2)
  2 kobolds
  8 rats
74 creatures vanquished.

Vanquished Creatures (others)
  3 fungi (D:2)
3 creatures vanquished.

Grand Total: 77 creatures vanquished

Notes
Turn   | Place    | Note
-------+----------+-------------------------------------------
     0 | D:1      | McKennaii the Demigod Reaver began the quest for the Orb.
     0 | D:1      | Reached XP level 1. HP: 17/17 MP: 5/5
   229 | D:1      | Reached XP level 2. HP: 24/24 MP: 7/7
   688 | D:1      | Reached XP level 3. HP: 29/29 MP: 8/8
  2012 | D:2      | Found a runed translucent door.
  2013 | D:2      | Noticed Crazy Yiuf
  2143 | D:3      | Noticed Sigmund
  2294 | D:3      | Noticed Jessica
  2305 | D:3      | Killed Jessica
  2306 | D:3      | Reached XP level 4. HP: 30/37 MP: 10/10
  2355 | D:3      | Noticed Robin
  2773 | D:3      | Reached skill level 1 in Air Magic
  2960 | D:2      | Killed Robin
  2991 | D:3      | Reached XP level 5. HP: 32/32 MP: 11/11
  3138 | D:3      | Found Jimpeph's Distillery.
  3146 | D:3      | Bought a potion of heal wounds for 55 gold pieces
  3146 | D:3      | Bought a potion of degeneration for 11 gold pieces
  3146 | D:3      | Bought a potion of mutation for 88 gold pieces
  3347 | D:3      | Killed Sigmund
  3444 | D:4      | Reached XP level 6. HP: 49/49 MP: 13/13
  3617 | D:4      | You fall into a shaft and drop 2 floors!
  3632 | D:6      | Found a staircase to the Ecumenical Temple.
  3636 | Temple   | Entered the Ecumenical Temple
  3703 | D:6      | Noticed a steam dragon
  3716 | D:6      | Killed from afar by a steam dragon

Illustrated notes

Levels and vault maps discovered:
D:1:      tekkud_arrival_beachfront_property, layout_basic
D:2:      layout_loops_ring, uniq_crazy_yiuf_cottage
D:3:      layout_loops_cross, serial_shops, shop, ebering_ecumenical_altar_box,
          uniq_sigmund, uniq_robin, uniq_jessica
D:4:      layout_loops_cross
D:6:      layout_loops_ring, temple_green, lightli_minifort, uniq_maggie
Temple:   compressed_dpeg_triangle_lava_temple

Skill      XL: |  1  2  3  4  5  6 |
---------------+-------------------+-----
Fighting       | 2 3 |  3.0
Dodging        | 2 3 |  3.0
Polearms       | 3 |  3.9
Spellcasting   | 2 |  2.9
Conjurations   | 3 |  3.7
Air Magic      | 1 |  1.9

Action                     |  1- 3 |  4- 6 || total
---------------------------+-------+-------++-------
  Melee: Spear             |   261 |   111 ||   372
         Punch             |     4 |       ||     4
         Halberd           |       |    30 ||    30
   Cast: Kiss of Death     |       |     4 ||     4
    Use: Scroll            |       |     2 ||     2
         Potion            |       |     2 ||     2
   Stab: Sleeping          |     1 |     1 ||     2
 Armour: Leather armour    |    41 |    31 ||    72
  Dodge: Dodged            |    83 |    79 ||   162

Table legend: (Time is in decaauts)
 A = Elapsed time spent in this place.
 B = Non-inter-level travel time spent in this place.
 C = Inter-level travel time spent in this place.
 D = Time resting spent in this place.
 E = Time spent auto-exploring this place.
 F = Levels seen in this place.
 G = Mean time per level.
                   A        B        C        D        E       F      G
               +--------+--------+--------+--------+--------+-----+--------+
         Total |   3710 |   3314 |    396 |    330 |   2005 |   6 |  618.3 |
       Dungeon |   3678 |   3282 |    396 |    300 |   2005 |   5 |  735.6 |
        Temple |     31 |     31 |      0 |     30 |      0 |   1 |   31.0 |
               +--------+--------+--------+--------+--------+-----+--------+

Top non-repeatable levels by time:
     D:2: 1383 daAuts
     D:1: 1140 daAuts
     D:3: 899 daAuts
     D:4: 184 daAuts
     D:6: 70 daAuts
  Temple: 31 daAuts
